AoeStats
← Shiboridashi

Arabia

509382798Analyzed
2v2 RM · 7d ago on Sep 26, 2026· 51m 58s· 4 players
Game mode
Random Map
Map size
Medium (4 player)
Population
200
Speed
Normal
Resources
Standard
Victory
Conquest
Starting age
Dark Age
Ending age
Imperial Age
RankedLock teamsTeams togetherTeam positionsShared explorationLock speedFull tech treeHidden civsTurbo modeCheats
Victory
Defeat
🇫🇷 Teutons · France
1167
+17
🇫🇷 Vietnamese · France
1130
+18
🇨🇳 Mongols · China
1201
-18
🇨🇦 Vikings · Canada
1177
-17
Willy le chat orangé
0:30 Loom
12:51 Feudal Age
13:21 Double-Bit Axe
23:14 Castle Age
21:37 Horse Collar
23:16 Pikeman
23:31 Elite Skirmisher
27:39 Forging
27:38 Squires
29:49 Town Watch
37:27 Iron Casting
37:35 Fletching
39:57 Bodkin Arrow
44:20 Imperial Age
42:13 Scale Mail Armor
42:15 Padded Archer Armor
43:16 Chain Mail Armor
45:14 Bracer
44:37 Crossbowman
46:50 Leather Archer Armor
47:54 Blast Furnace
48:16 Ring Archer Armor
1830551726
7:12 Loom
9:12 Feudal Age
17:12 Castle Age
15:38 Double-Bit Axe
18:38 Bow Saw
18:10 Horse Collar
22:14 Pikeman
25:38 Fletching
27:47 Wheelbarrow
27:17 Bodkin Arrow
27:55 Padded Archer Armor
28:31 Bloodlines
28:58 Ballistics
29:17 Heavy Plow
30:42 Leather Archer Armor
30:28 Husbandry
31:57 Hand Cart
34:50 Imperial Age
34:23 Light Cavalry
35:11 Scale Barding Armor
35:26 Gold Mining
35:26 Stone Mining
35:26 Gold Mining
35:26 Stone Mining
36:15 Conscription
36:04 Bracer
36:15 Hussar
37:55 Parthian Tactics
40:02 Chain Barding Armor
40:08 Elite Mangudai
42:57 Nomads
45:45 Chemistry
44:29 Capped Ram
46:11 Siege Ram
47:14 Drill
Shiboridashi
6:36 Loom
9:55 Feudal Age
10:49 Double-Bit Axe
18:46 Castle Age
17:04 Horse Collar
22:15 Forging
22:12 Scale Barding Armor
25:23 Bow Saw
25:15 Heavy Plow
31:59 Imperial Age
30:09 Wheelbarrow
29:42 Gold Mining
30:31 Fletching
31:06 Town Watch
31:43 Bloodlines
32:38 Masonry
33:03 Cavalier
35:04 Two-Man Saw
35:51 Iron Casting
36:29 Crop Rotation
36:54 Hand Cart
38:23 Stone Mining
38:39 Paladin
39:06 Elite Skirmisher
40:27 Ballistics
40:07 Bodkin Arrow
40:12 Padded Archer Armor
44:08 Scale Mail Armor
46:40 Chemistry
45:26 Arrowslits
46:50 Chain Barding Armor
alexisgrosset13110
9:15 Loom
11:06 Feudal Age
9:21 Loom
13:13 Double-Bit Axe
19:29 Castle Age
18:13 Fletching
18:32 Padded Archer Armor
19:00 Gold Mining
19:35 Crossbowman
21:00 Bodkin Arrow
25:58 Leather Archer Armor
25:58 Horse Collar
27:00 Heavy Plow
26:53 Stone Mining
27:17 Bow Saw
28:03 Thumb Ring
29:57 Wheelbarrow
29:23 Elite Skirmisher
31:05 Ballistics
38:45 Imperial Age
36:48 Chatras
36:58 Scale Barding Armor
37:04 Forging
37:09 Masonry
36:39 Treadmill Crane
37:19 Hand Cart
40:01 Paper Money
39:45 Bracer
40:07 Town Watch
39:51 Arbalester
41:24 Ring Archer Armor
40:17 Imperial Skirmisher
41:51 Stone Shaft Mining
42:34 Chemistry
42:45 Chain Barding Armor
43:02 Iron Casting
43:47 Town Patrol
44:38 Husbandry
44:51 Bloodlines
46:46 Elite Battle Elephant
48:52 Plate Barding Armor
Connection lost

Rejoining the realm…

Still unreachable

The connection could not be restored.

Session expired

The server has moved on; the page needs a fresh start.